[Event "Titled Tuesday Blitz June 13 Late 2023"]
[White "Yolosz"]
[Black "Zomorrodian, Eilia"]
[BlackFideId "12551805"]
[WhiteElo "2369"]
[BlackElo "2069"]
[Result "0-1"]
[Round "3"]
[TimeControl "180+2"]
[Date "2023.06.13"]
[WhiteClock "0:00:12"]
[BlackClock "0:00:16"]
[Board "122"]

1. d4 Nf6 2. Bf4 g6 3. Nc3 Bg7 4. e3 O-O 5. h4 h5 6. Nf3 d6 7. Ng5 c5 8. dxc5 dxc5 9. Bc4 e6 10. Qxd8 Rxd8 11. Ke2 Nc6 12. Rad1 Bd7 13. Bc7 Rdc8 14. Bg3 a6 15. a4 Na5 16. Ba2 Bc6 17. f3 b5 18. Rd6 b4 19. Nce4 Nxe4 20. fxe4 Bf6 21. Nxf7 Kxf7 22. Rxe6 Kg7 23. Rf1 Bxb2 24. Bd5 Bxd5 25. exd5 Re8 26. e4 Nc4 27. Kd3 Rxe6 28. dxe6 Ne5+ 29. Bxe5+ Bxe5 30. Rf7+ Kg8 31. Kc4 Bd4 32. Rd7 Re8 33. Kd5 Bf6 34. g3 Bd4 35. Kd6 Kf8 36. Rf7+ Kg8 37. e5 c4 38. Rc7 b3 39. cxb3 cxb3 40. Kd7 Kf8 41. Rb7 Re7+ 42. Kc6 Rxb7 43. Kxb7 b2 0-1


[Site "https://www.chess.com"]

[Event "Titled Tuesday Blitz June 13 Late 2023"]
[White "arenal72"]
[Black "Pinheiro, Iung Alicio de O."]
[BlackFideId "2104350"]
[WhiteElo "2368"]
[BlackElo "2283"]
[Result "1/2-1/2"]
[Round "3"]
[TimeControl "180+2"]
[Date "2023.06.13"]
[WhiteClock "0:00:04"]
[BlackClock "0:00:05"]
[Board "123"]

1. Nf3 c5 2. g3 Nc6 3. Bg2 g6 4. O-O Bg7 5. c4 d6 6. Nc3 Be6 7. b3 Bxc3 8. dxc3 Qc8 9. Ng5 Bd7 10. Qd5 Nd8 11. e4 Nf6 12. Qd3 h6 13. Nf3 Nc6 14. Re1 Ng4 15. Bf4 g5 16. Bd2 Nce5 17. Nxe5 Nxe5 18. Qf1 Rg8 19. Rad1 Bg4 20. f3 Bd7 21. Bc1 Qc7 22. a4 h5 23. Kh1 h4 24. g4 h3 25. Bxh3 O-O-O 26. Bg2 f6 27. h3 Rh8 28. Kg1 Ng6 29. Be3 Rh7 30. Kf2 Rdh8 31. Qe2 Nh4 32. Rg1 Nxg2 33. Kxg2 Rxh3 34. Rh1 R3h4 35. Bf2 Rxh1 36. Rxh1 Rxh1 37. Kxh1 Qb6 38. Qd1 Qa5 39. Qd2 a6 40. Kg2 b5 41. cxb5 axb5 42. axb5 Qxb5 43. Qd5 Kc7 44. b4 Qc6 45. bxc5 Qxd5 46. exd5 dxc5 47. Bxc5 Kd8 48. Kf2 Bb5 49. Ke3 Kd7 50. Ke4 Be2 51. Ke3 Bb5 52. Bb4 Bc4 53. Ke4 Be2 54. Ke3 Bc4 55. Ke4 Bb5 56. Ba3 Ba6 57. f4 gxf4 58. Kxf4 Bc4 59. Ke4 Be2 60. Kf4 Bc4 61. Ke4 Be2 62. Kf4 Bb5 63. Bb4 Ba6 64. Ke4 Bf1 65. Kf4 Bg2 66. c4 Bf1 67. c5 Bc4 68. c6+ Ke8 69. d6 exd6 70. Bxd6 Bb5 71. c7 Bd7 72. Kg3 Kf7 73. Bc5 Kg6 74. Bd4 Bc8 75. Kf4 Kf7 76. Bc3 Bd7 77. Bb2 Bc8 78. Kg3 Kg6 79. Kh4 Kg7 80. Kh3 Bd7 81. Kh4 Kg6 82. Kg3 Bc8 83. Kf4 Kf7 84. Kf3 Kg6 85. Kf4 Kf7 1/2-1/2


[Site "https://www.chess.com"]

[Event "Titled Tuesday Blitz June 13 Late 2023"]
[White "Jaskolka, Tomasz"]
[Black "GAO"]
[WhiteFideId "1170791"]
[WhiteElo "2155"]
[BlackElo "2362"]
[Result "0-1"]
[Round "3"]
[TimeControl "180+2"]
[Date "2023.06.13"]
[WhiteClock "0:00:14"]
[BlackClock "0:00:17"]
[Board "124"]

1. d4 Nf6 2. Nc3 d5 3. Bf4 g6 4. e3 Bg7 5. h4 h5 6. Qd2 O-O 7. Nf3 c5 8. Ne5 Nc6 9. f3 cxd4 10. exd4 Nd7 11. Nxc6 bxc6 12. g4 e5 13. dxe5 Nxe5 14. Bxe5 Bxe5 15. O-O-O Qf6 16. Kb1 Rb8 17. Ka1 Bxg4 18. fxg4 Rxb2 19. Kxb2 Bxc3+ 20. Kc1 Bxd2+ 21. Kxd2 Qf4+ 22. Kc3 Rb8 23. Be2 Qb4+ 24. Kd3 Qc4+ 25. Kd2 Qd4+ 26. Ke1 Qe4 27. Rf1 Re8 28. Rd2 Qxg4 29. Kd1 Qxh4 30. Bd3 Rb8 31. c3 Qh3 32. Kc2 Qd7 33. Rdf2 Rb7 34. Rf6 c5 35. Rg1 Kg7 36. Ra6 Rb6 37. Ra5 c4 38. Be2 Qf5+ 39. Kd2 Rb2+ 40. Ke1 Qe4 41. Rg2 Qxg2 0-1


[Site "https://www.chess.com"]

[Event "Titled Tuesday Blitz June 13 Late 2023"]
[White "Spichkin, Alexander"]
[Black "Novikov, Evgenij"]
[WhiteFideId "4144074"]
[BlackFideId "4125380"]
[WhiteElo "1986"]
[BlackElo "2242"]
[Result "0-1"]
[Round "3"]
[TimeControl "180+2"]
[Date "2023.06.13"]
[WhiteClock "0:01:10"]
[BlackClock "0:00:15"]
[Board "125"]

1. f4 d5 2. Nf3 g6 3. e3 Bg7 4. Be2 c5 5. O-O Nc6 6. d3 Nf6 7. Kh1 O-O 8. a4 Qc7 9. Nc3 e5 10. Nb5 Qb8 11. fxe5 Nxe5 12. Nxe5 Qxe5 13. e4 dxe4 14. Bf4 Qxb2 15. Rb1 Qa2 16. Be5 exd3 17. Bxd3 Ng4 18. Rb2 Qe6 19. Bxg7 Kxg7 20. Be2 Qe5 21. Bxg4 Qxb2 22. Nc7 Rb8 23. Bxc8 Rbxc8 24. Qd6 Qd4 25. Qe7 Kg8 26. h3 Qd8 27. Qxd8 Rfxd8 28. Nb5 a6 29. Nc3 Rd2 30. Rc1 Rcd8 31. Kh2 h5 32. Kg3 g5 33. Ne4 Rd1 34. Rxd1 Rxd1 35. Nxc5 b5 36. axb5 axb5 37. Ne4 Rc1 38. Nc3 b4 39. Nd5 h4+ 40. Kf3 Rxc2 41. Nxb4 Rc5 42. Na6 Rb5 43. Nc7 Rb3+ 44. Kf2 Kg7 45. Ne8+ Kg6 46. Nd6 Rb4 47. Ne8 f5 48. Nc7 Rb2+ 49. Kf3 Kf6 50. Nd5+ Ke5 51. Ne7 Rb3+ 52. Kf2 g4 53. hxg4 fxg4 54. Ng6+ Ke4 55. Nxh4 g3+ 56. Ke2 Rb2+ 57. Kf1 Ke3 58. Nf5+ Kf4 59. Nh4 Rf2+ 60. Ke1 Kg4 61. Ng6 Rxg2 62. Ne5+ Kf4 63. Nd3+ Ke3 64. Ne5 Rg1# 0-1


[Site "https://www.chess.com"]

[Event "Titled Tuesday Blitz June 13 Late 2023"]
[White "Arias Igual, Alejandro"]
[Black "Ozates, Tuna"]
[WhiteFideId "2254905"]
[BlackFideId "6354521"]
[WhiteElo "2179"]
[BlackElo "2151"]
[Result "1-0"]
[Round "3"]
[TimeControl "180+2"]
[Date "2023.06.13"]
[WhiteClock "0:00:10"]
[BlackClock "0:00:04"]
[Board "126"]

1. e4 Nf6 2. e5 Nd5 3. d4 d6 4. Nf3 dxe5 5. Nxe5 c6 6. Be2 Bf5 7. O-O Nd7 8. Nf3 e6 9. c4 N5f6 10. Nc3 Bd6 11. h3 h6 12. Be3 O-O 13. a3 Qb8 14. Qd2 e5 15. d5 cxd5 16. cxd5 a6 17. Rfd1 Rd8 18. Bc4 b5 19. Ba2 Nc5 20. Rac1 Nd3 21. Ra1 b4 22. Ne2 bxa3 23. bxa3 Bxa3 24. Bc4 e4 25. Ng3 Bb4 26. Qc2 Bh7 27. Nd4 Qd6 28. Ndf5 Qd7 29. Nd4 Nxd5 30. Rxa6 Rxa6 31. Bxa6 Nc3 32. Ra1 Bg6 33. Nxe4 Bxe4 34. Bxd3 Bb7 35. Bh7+ Kh8 36. Bd3 Qd5 37. f3 Rc8 38. Qf2 Bc5 39. Rc1 Ba3 40. Rc2 Bb4 41. Kh1 Ra8 42. g3 Ra1+ 43. Kg2 Qa5 44. Bd2 Nd1 45. Qe2 Bxd2 46. Rxd2 g6 47. Rxd1 Ra2 48. Bc2 Qd5 49. Rd2 Ra1 50. Kh2 Ba6 51. Qe3 Qc4 52. Qe8+ Kg7 53. Bd3 Qc1 54. Qe5+ Kf8 55. Qh8+ Ke7 56. Re2+ Kd6 57. Qe5+ Kd7 58. Qe7+ Kc8 59. Qc5+ Kd8 60. Qxc1 Rxc1 61. Rd2 Bxd3 62. Rxd3 Ke7 63. Rd2 Rc4 64. Ne2 Kf8 65. Kg2 Kg7 66. Kf2 Ra4 67. Nf4 Ra1 68. Ne2 Ra3 69. Nd4 Ra1 70. h4 Ra4 71. Ne2 h5 72. Nf4 Ra1 73. Re2 Ra3 74. Rc2 Ra1 75. Kg2 Rd1 76. Re2 Rb1 77. Kf2 Ra1 78. Ke3 Ra3+ 79. Ke4 Ra4+ 80. Ke3 Ra3+ 81. Kf2 Ra1 82. Rd2 Rb1 83. Ke3 Rb3+ 84. Rd3 Rb1 85. Nh3 Rh1 86. Nf2 Rg1 87. Kf4 Ra1 88. Ne4 Ra4 89. Rd7 Kg8 90. Kg5 Kg7 91. Rc7 Ra5+ 92. Kf4 Ra4 93. g4 hxg4 94. fxg4 Rb4 95. Rd7 Ra4 96. Rc7 Rb4 97. Kf3 Rb3+ 98. Kg2 Rb2+ 99. Nf2 Rb4 100. Rc2 Ra4 101. Re2 Rb4 102. Re4 Rb3 103. Rf4 Rb5 104. Rf3 Rb4 105. Kg3 Ra4 106. g5 Rb4 107. Ng4 Rb1 108. Re3 Rb4 109. Kf3 Ra4 110. Kg3 Ra1 111. Re8 Rg1+ 112. Kf3 Rf1+ 113. Kg2 Rf4 114. Nf6 Rxf6 115. gxf6+ Kxf6 116. Kg3 Kg7 117. Kg4 Kh6 118. Rh8+ Kg7 119. Ra8 Kh7 120. Ra7 Kg7 121. Kg5 1-0


[Site "https://www.chess.com"]

[Event "Titled Tuesday Blitz June 13 Late 2023"]
[White "ElDivis"]
[Black "Adury, Anant"]
[BlackFideId "30964687"]
[WhiteElo "2548"]
[BlackElo "2336"]
[Result "0-1"]
[Round "3"]
[TimeControl "180+2"]
[Date "2023.06.13"]
[WhiteClock "0:00:02"]
[BlackClock "0:00:04"]
[Board "127"]

1. e4 d6 2. d4 Nf6 3. Nc3 e5 4. Nf3 Nc6 5. dxe5 Nxe5 6. Nxe5 dxe5 7. Qxd8+ Kxd8 8. Bc4 Bb4 9. Bd2 Ke7 10. f3 Be6 11. Bxe6 Kxe6 12. a3 Be7 13. O-O-O Rhd8 14. Be3 c6 15. Rxd8 Bxd8 16. Rd1 b6 17. Nb1 Be7 18. Nd2 Rd8 19. Nc4 Rxd1+ 20. Kxd1 Nd7 21. b4 g6 22. c3 f5 23. exf5+ gxf5 24. Kc2 Kd5 25. Nd2 Nf6 26. c4+ Ke6 27. Kd3 h5 28. Nb3 Nd7 29. Kc3 c5 30. b5 Bf6 31. Kd3 e4+ 32. fxe4 Ne5+ 33. Ke2 Nxc4 34. exf5+ Kxf5 35. Bc1 Ke4 36. a4 Bc3 37. h3 Bb2 38. Bh6 Be5 39. g4 hxg4 40. hxg4 Nb2 41. Nd2+ Kd5 42. g5 Nxa4 43. g6 Ke6 44. Nf3 Bf6 45. Kd3 Nb2+ 46. Kc2 Nc4 47. Bf4 Na3+ 48. Kb3 Nxb5 49. Bb8 a6 50. Nd2 Nd4+ 51. Kc4 Be7 52. Ne4 b5+ 53. Kd3 Nf5 54. Ba7 c4+ 55. Kc2 Nh4 56. Bc5 Nxg6 57. Bxe7 Kxe7 58. Nc5 Kd6 59. Nxa6 Kc6 60. Kc3 Ne5 61. Kd4 Nd3 62. Nb8+ Kb6 63. Nd7+ Ka5 64. Kc3 Ka6 65. Nb8+ Kb7 66. Nd7 Nf4 67. Kb4 Kc6 68. Ne5+ Kd5 69. Nd7 Nd3+ 70. Kc3 b4+ 71. Kd2 b3 72. Kc3 b2 73. Kc2 c3 74. Nb6+ Kd4 75. Na4 Ne1+ 76. Kb1 Kc4 77. Nxb2+ Kb3 78. Nd1 c2+ 79. Kc1 Nd3+ 80. Kd2 c1=Q+ 0-1


[Site "https://www.chess.com"]

[Event "Titled Tuesday Blitz June 13 Late 2023"]
[White "Kochiev, Ivan"]
[Black "Gonzalez Vega, Alejandro"]
[WhiteFideId "2917890"]
[BlackFideId "3510042"]
[WhiteElo "2287"]
[BlackElo "2323"]
[Result "1-0"]
[Round "3"]
[TimeControl "180+2"]
[Date "2023.06.13"]
[WhiteClock "0:01:04"]
[BlackClock "0:00:00"]
[Board "128"]

1. e4 c5 2. Nf3 a6 3. c4 d6 4. d4 cxd4 5. Nxd4 Nf6 6. Nc3 e6 7. Be2 Qc7 8. Be3 Nbd7 9. O-O b6 10. Rc1 Bb7 11. f3 Rc8 12. b4 Qb8 13. Nb3 Be7 14. Qd2 Bd8 15. Rfd1 Bc7 16. Bf4 e5 17. Be3 O-O 18. Bf1 Rfe8 19. a4 Nf8 20. Nd5 Nxd5 21. cxd5 Nd7 22. Rc3 Bd8 23. Rdc1 Be7 24. Rc6 Qa8 25. Rc7 Rxc7 26. Rxc7 Rd8 27. a5 b5 28. Qf2 Bf8 29. g3 Qb8 30. Bb6 Be7 31. Bh3 1-0


[Site "https://www.chess.com"]

[Event "Titled Tuesday Blitz June 13 Late 2023"]
[White "Besedes, Danilo"]
[Black "Ardila, Oscar Humberto"]
[WhiteFideId "946796"]
[BlackFideId "4404742"]
[WhiteElo "2352"]
[BlackElo "1912"]
[Result "1-0"]
[Round "3"]
[TimeControl "180+2"]
[Date "2023.06.13"]
[WhiteClock "0:00:14"]
[BlackClock "0:00:27"]
[Board "129"]

1. e4 e5 2. Nf3 Nf6 3. Nc3 Nc6 4. Bb5 Bb4 5. O-O O-O 6. Nd5 Ba5 7. d3 h6 8. h3 d6 9. c4 Nxd5 10. cxd5 Ne7 11. d4 exd4 12. Qxd4 Bb6 13. Qc3 Ng6 14. b3 a6 15. Bb2 f6 16. Bd3 Ne5 17. Nd4 Qe8 18. f4 Nxd3 19. Qxd3 f5 20. exf5 Bxf5 21. Qd2 Qe4 22. Rae1 Qd3 23. Qxd3 Bxd3 24. Rf3 Bg6 25. Kh2 Bh5 26. Rg3 Rf7 27. Re6 Rxf4 28. Rxg7+ Kxg7 29. Ne2+ Kf7 30. Nxf4 Bd1 31. Rf6+ Ke7 32. Ng6+ Kd7 33. Rf7+ Ke8 34. Rf8+ Kd7 35. Rxa8 c6 36. dxc6+ Kxc6 37. Bc1 h5 38. Bf4 Bc7 39. Ne7+ Kd7 40. Nd5 Ba5 41. Rh8 Be2 42. Nf6+ Ke6 43. Nxh5 Bd3 44. Bg3 Bb1 45. Nf4+ Kf5 46. a3 Bc2 47. b4 Bb6 48. Rh6 Bd4 49. Rxd6 Bb2 50. Rd2 Bxa3 51. Rxc2 Bxb4 52. Rb2 a5 53. Nd3 Bc3 54. Rxb7 Ke4 55. Nc5+ Kd5 56. Na4 Bb4 57. Rb5+ Kc4 58. Rf5 Kb3 59. Nb6 Bc3 60. h4 Bd4 61. Rb5+ Kc3 62. Be5 Bxe5+ 63. Rxe5 a4 64. Nxa4+ Kb3 65. Nb6 1-0


[Site "https://www.chess.com"]

[Event "Titled Tuesday Blitz June 13 Late 2023"]
[White "Andreassen, Lars"]
[Black "Diaz Rosas, Julio Cesar"]
[WhiteFideId "1504878"]
[BlackFideId "5105099"]
[WhiteElo "2119"]
[BlackElo "2284"]
[Result "0-1"]
[Round "3"]
[TimeControl "180+2"]
[Date "2023.06.13"]
[WhiteClock "0:00:25"]
[BlackClock "0:00:25"]
[Board "130"]

1. d4 Nf6 2. Nf3 d5 3. c4 e6 4. Nc3 Bb4 5. e3 O-O 6. Bd3 dxc4 7. Bxc4 c5 8. O-O Bxc3 9. bxc3 Qc7 10. Qe2 b6 11. Ba3 Bb7 12. Ne5 Nc6 13. f4 Na5 14. Bd3 Be4 15. Ng4 Bxd3 16. Qxd3 Nxg4 17. h3 Nf6 18. g4 Qc6 19. g5 Qe4 20. Qe2 Nd5 21. c4 Qxe3+ 22. Qxe3 Nxe3 23. Rf3 Nexc4 24. dxc5 Rfd8 25. cxb6 axb6 26. Bb4 Rd5 27. Rc3 Rad8 28. Rac1 Rd4 29. Kh2 h6 30. gxh6 gxh6 31. Rg3+ Kh7 32. Bc3 Rd2+ 33. Bxd2 Rxd2+ 34. Kh1 Nd6 35. a4 Nf5 36. Rg2 Rd7 37. Rb1 Nc4 38. Rb4 Nce3 39. Ra2 Rd1+ 40. Kh2 Nd5 41. Rbb2 Rd4 42. Rb3 Rxf4 43. Re2 Nd4 0-1


[Site "https://www.chess.com"]

[Event "Titled Tuesday Blitz June 13 Late 2023"]
[White "MKlose11"]
[Black "Quirke, Jeffrey"]
[BlackFideId "2013029"]
[WhiteElo "2536"]
[BlackElo "2233"]
[Result "1-0"]
[Round "3"]
[TimeControl "180+2"]
[Date "2023.06.13"]
[WhiteClock "0:01:08"]
[BlackClock "0:00:01"]
[Board "131"]

1. e4 Nf6 2. e5 Nd5 3. Nc3 Nxc3 4. dxc3 e6 5. Nf3 Nc6 6. Bf4 d6 7. Qd2 Be7 8. O-O-O Nxe5 9. Nxe5 dxe5 10. Qe2 Bd6 11. Bxe5 O-O 12. Qg4 f6 13. Bxd6 cxd6 14. Qg3 e5 15. Qd3 Be6 16. Qxd6 Qxd6 17. Rxd6 Kf7 18. Be2 Rfd8 19. Rhd1 Rxd6 20. Rxd6 Ke7 21. Rd2 Rc8 22. a3 g5 23. Bf3 b6 24. Bd5 h5 25. Bxe6 Kxe6 26. Kd1 h4 27. Ke2 g4 28. Rd3 f5 29. g3 h3 30. Rd1 f4 31. Rg1 Kf5 32. Rd1 Ke6 33. Rd3 e4 34. Rd4 Ke5 35. gxf4+ Kxf4 36. Rd7 a5 37. Rf7+ Ke5 38. Ke3 b5 39. Re7+ Kf5 40. Rxe4 b4 41. axb4 axb4 42. Rxb4 Re8+ 43. Kd2 Re4 44. Rxe4 Kxe4 45. Ke2 1-0


[Site "https://www.chess.com"]

[Event "Titled Tuesday Blitz June 13 Late 2023"]
[White "Zavgorodniy, Sergiy"]
[Black "campochess"]
[WhiteFideId "14110148"]
[WhiteElo "2402"]
[BlackElo "2218"]
[Result "1-0"]
[Round "3"]
[TimeControl "180+2"]
[Date "2023.06.13"]
[WhiteClock "0:01:17"]
[BlackClock "0:01:32"]
[Board "132"]

1. d4 Nf6 2. c4 e6 3. Nf3 b6 4. g3 Bb7 5. Bg2 Bb4+ 6. Nbd2 a5 7. O-O O-O 8. b3 Bc3 9. Rb1 c5 10. dxc5 bxc5 11. Qc2 Bxd2 12. Nxd2 Bxg2 13. Kxg2 Nc6 14. Ne4 Nxe4 15. Qxe4 d5 16. cxd5 Qxd5 17. Qxd5 exd5 18. e3 Rfb8 19. Rd1 d4 20. exd4 cxd4 21. Bb2 Rd8 22. Rd2 Rd5 23. Rbd1 Rad8 24. f4 f5 25. Kf3 Kf7 26. h3 h5 27. g4 hxg4+ 28. hxg4 fxg4+ 29. Kxg4 g6 30. Rh1 Ne7 31. Rh7+ Ke6 32. Re2+ Kd6 33. Rhxe7 d3 34. R2e6+ Kc5 35. Rc7+ Kb5 36. a4+ Kb4 37. Rb6+ 1-0


[Site "https://www.chess.com"]

[Event "Titled Tuesday Blitz June 13 Late 2023"]
[White "Tokhirjonova, Gulrukhbegim"]
[Black "Florianovitz, Derlei Alex"]
[WhiteFideId "14203626"]
[BlackFideId "2114178"]
[WhiteElo "2265"]
[BlackElo "1953"]
[Result "1-0"]
[Round "3"]
[TimeControl "180+2"]
[Date "2023.06.13"]
[WhiteClock "0:00:07"]
[BlackClock "0:00:07"]
[Board "133"]

1. d4 Nf6 2. c4 e6 3. Nc3 Bb4 4. e3 O-O 5. Bd3 d5 6. Ne2 Nbd7 7. O-O b6 8. a3 Be7 9. b4 dxc4 10. Bxc4 Bb7 11. Bb2 a5 12. b5 e5 13. Ng3 exd4 14. exd4 Bd6 15. Nf5 Rc8 16. Re1 Re8 17. Qd2 Bf8 18. Qg5 Rxe1+ 19. Rxe1 Kh8 20. Bxf7 h6 21. Qg6 Nb8 22. Nxh6 gxh6 23. Re8 Qxd4 24. Rxc8 Bxc8 25. h3 Bg7 26. Bb3 Nbd7 27. Nd1 Qd6 28. Ne3 Ne5 29. Qc2 Be6 30. Bxe6 Qxe6 31. Qxc7 Nd5 32. Qd8+ Kh7 33. Nxd5 Nf3+ 34. gxf3 Bxb2 35. Qc7+ Bg7 36. Nxb6 Qg6+ 37. Kf1 Qb1+ 38. Kg2 Qxb5 39. Nc4 Qg5+ 40. Kh2 a4 41. Qg3 Qc5 42. Qg4 Qc7+ 43. Kg2 Qc6 44. Qe4+ Qxe4 45. fxe4 Kg6 46. Nb6 Bb2 47. Nxa4 Bxa3 48. Nb6 Kf6 49. Kf3 Bc5 50. Nc4 Ke6 51. Ke2 Bb6 52. f4 Ba7 53. Kf3 Kf6 54. Kg4 Kg6 55. e5 Kf7 56. Kf5 Bd4 57. Ke4 Bf2 58. f5 Ke7 59. Kd5 Kf7 60. Nd6+ Kg7 61. f6+ Kg6 62. Ke6 Bg3 63. f7 Kg7 64. Ke7 Bh4+ 65. Ke8 Bg3 66. f8=Q+ Kg6 67. Qf6+ Kh5 68. Qf5+ Kh4 69. Qg4# 1-0


[Site "https://www.chess.com"]

[Event "Titled Tuesday Blitz June 13 Late 2023"]
[White "Djordjevic, Dejan N"]
[Black "brm72"]
[WhiteFideId "913316"]
[WhiteElo "2261"]
[BlackElo "2532"]
[Result "0-1"]
[Round "3"]
[TimeControl "180+2"]
[Date "2023.06.13"]
[WhiteClock "0:01:10"]
[BlackClock "0:01:12"]
[Board "134"]

1. e4 c6 2. d4 d5 3. Nd2 dxe4 4. Nxe4 Nf6 5. Ng5 h6 6. N5f3 Bg4 7. Bd3 e6 8. h3 Bxf3 9. Nxf3 Nbd7 10. O-O Bd6 11. b3 Qc7 12. c4 O-O 13. Bb2 Rad8 14. Qe2 Rfe8 15. Rfe1 c5 16. Rad1 a6 17. Bb1 cxd4 18. Nxd4 Bb4 19. Rf1 Qa5 20. Rd3 Nc5 21. Rf3 e5 22. Nc2 Rd2 23. Qe3 Rd3 24. Qe2 e4 25. Bxf6 Re6 26. Nxb4 exf3 27. Qxe6 fxe6 28. Nxd3 Nxd3 29. Bd4 fxg2 30. Rd1 Nf4 31. Kh2 Qh5 0-1


[Site "https://www.chess.com"]

[Event "Titled Tuesday Blitz June 13 Late 2023"]
[White "Badelka, Olga"]
[Black "Elaisaz"]
[WhiteFideId "13509926"]
[WhiteElo "2375"]
[BlackElo "2195"]
[Result "0-1"]
[Round "3"]
[TimeControl "180+2"]
[Date "2023.06.13"]
[WhiteClock "0:00:03"]
[BlackClock "0:00:03"]
[Board "135"]

1. d4 Nf6 2. c4 c5 3. Nf3 cxd4 4. Nxd4 Nc6 5. Nc3 g6 6. e4 d6 7. Be2 Nxd4 8. Qxd4 Bg7 9. Be3 O-O 10. Qd3 Be6 11. O-O Nd7 12. Qd2 Qa5 13. Rac1 Rfc8 14. b3 a6 15. Nd5 Qxd2 16. Bxd2 Bxd5 17. exd5 Bf6 18. Be3 Bg7 19. a4 a5 20. Rb1 Bc3 21. Rfc1 Bb4 22. Rd1 Bc5 23. Bg5 f6 24. Bd2 Kf7 25. Bg4 f5 26. Be2 Bb4 27. Bg5 Nc5 28. Bf3 Bc3 29. Kf1 Bf6 30. Be3 Bc3 31. Ke2 Ra6 32. Rdc1 Bf6 33. Bd2 b6 34. Be3 Ra7 35. h4 Kg7 36. h5 g5 37. g4 f4 38. Bd2 Re8 39. Kf1 e5 40. dxe6 Rxe6 41. Bd5 Ree7 42. b4 axb4 43. Bxb4 Nd3 44. Rd1 Nxb4 45. Rxb4 Be5 46. Rxb6 Rxa4 47. Rb8 Ra2 48. Rdb1 Bd4 49. Rg8+ Kh6 50. Kg1 Rxf2 51. Kh1 Ree2 52. Rf8 Rh2# 0-1


[Site "https://www.chess.com"]

[Event "Titled Tuesday Blitz June 13 Late 2023"]
[White "zano2023"]
[Black "D`Arruda, Ricardo D."]
[BlackFideId "100692"]
[WhiteElo "2095"]
[BlackElo "2530"]
[Result "0-1"]
[Round "3"]
[TimeControl "180+2"]
[Date "2023.06.13"]
[WhiteClock "0:00:14"]
[BlackClock "0:00:31"]
[Board "136"]

1. d4 Nf6 2. Nd2 d5 3. Ngf3 c6 4. e3 g6 5. c4 Bg7 6. Bd3 O-O 7. O-O Nbd7 8. Re1 b6 9. b3 Bb7 10. Bb2 e6 11. Qe2 Re8 12. e4 dxe4 13. Nxe4 Nxe4 14. Qxe4 Qc7 15. Qh4 c5 16. Be4 Bxe4 17. Qxe4 cxd4 18. Bxd4 Nc5 19. Qe3 e5 20. Bc3 e4 21. Nd4 Rad8 22. Rad1 h6 23. Nb5 Qb8 24. Bxg7 Kxg7 25. Rd4 a6 26. Nc3 Qe5 27. Rd5 Rxd5 28. Nxd5 Nd3 29. Rd1 b5 30. f3 bxc4 31. bxc4 Nb2 32. Rd4 exf3 33. Qxe5+ Rxe5 34. gxf3 Nxc4 35. Rxc4 Rxd5 36. Ra4 a5 37. Kf2 f5 38. f4 Kf6 39. Ke3 g5 40. fxg5+ hxg5 41. Rc4 Ke5 42. Rc8 f4+ 43. Ke2 Rb5 44. Rc2 Ke4 45. a4 Rb4 46. Ra2 g4 47. Kf2 Kf5 48. Kg2 Kg5 49. Kf2 Kh4 50. Kg2 Rb3 51. Kf2 Kh3 52. Kg1 Rb1+ 53. Kf2 Kxh2 54. Ke2 g3 55. Kf3+ Kh3 56. Kxf4 g2 57. Ra3+ Kh2 58. Ra2 Kh1 59. Ra3 Rb4+ 60. Kg5 g1=Q+ 0-1


[Site "https://www.chess.com"]

[Event "Titled Tuesday Blitz June 13 Late 2023"]
[White "Molenda, Marcin"]
[Black "Kornyukov, Alexey"]
[WhiteFideId "1173065"]
[BlackFideId "4150457"]
[WhiteElo "2286"]
[BlackElo "2352"]
[Result "1/2-1/2"]
[Round "3"]
[TimeControl "180+2"]
[Date "2023.06.13"]
[WhiteClock "0:01:25"]
[BlackClock "0:00:06"]
[Board "137"]

1. e4 c5 2. Nf3 Nc6 3. Bb5 e6 4. O-O Nge7 5. Re1 a6 6. Bf1 d5 7. exd5 Nxd5 8. d4 Nf6 9. Nc3 cxd4 10. Ne4 Be7 11. Ng3 O-O 12. Bf4 Nd5 13. Be5 Nxe5 14. Nxe5 f6 15. Nf3 e5 16. Bc4 b5 17. Bxd5+ Qxd5 18. Nxd4 Bb7 19. Nf3 Rfd8 20. Qe2 g6 21. c3 Bc5 22. a4 b4 23. Red1 Qb3 24. Rdc1 Rac8 25. Ne4 Be7 26. c4 Qd3 27. Qe1 Qxe4 28. Qf1 Qf5 29. Ne1 Bc5 30. b3 Rd2 31. Rc2 Rxc2 32. Nxc2 Qxc2 33. Rd1 Be4 34. Rd7 Bb6 35. h4 Rd8 36. Rxd8+ Bxd8 37. h5 Bb6 38. hxg6 hxg6 39. Qe1 Kg7 40. Kh2 f5 41. f3 Bd3 42. Qh4 Qc3 43. Qe7+ Kh6 44. Qh4+ Kg7 45. Qe7+ Kg8 46. Qe8+ Kg7 47. Qe7+ 1/2-1/2


[Site "https://www.chess.com"]

[Event "Titled Tuesday Blitz June 13 Late 2023"]
[White "Roebers, Eline"]
[Black "Dias, Joao Batista"]
[WhiteFideId "1058401"]
[BlackFideId "2108240"]
[WhiteElo "2525"]
[BlackElo "1907"]
[Result "0-1"]
[Round "3"]
[TimeControl "180+2"]
[Date "2023.06.13"]
[WhiteClock "0:00:00"]
[BlackClock "0:00:28"]
[Board "138"]

1. Nf3 Nf6 2. b3 g6 3. Bb2 Bg7 4. d4 O-O 5. Nbd2 e6 6. e4 d5 7. e5 Nfd7 8. h4 h6 9. h5 g5 10. Bd3 f5 11. exf6 Nxf6 12. Qe2 Nc6 13. O-O-O Nb4 14. Bg6 Nxa2+ 15. Kb1 Nb4 16. Ba3 a5 17. c3 Nc6 18. Bxf8 Qxf8 19. Kc2 a4 20. b4 a3 21. Ra1 Bd7 22. Ra2 Ng4 23. Rha1 Nxb4+ 24. cxb4 Qxb4 25. Qd3 Nxf2 26. Qc3 Ba4+ 27. Nb3 Qb5 28. Rxa3 Qe2+ 29. Nd2 Bxb3+ 30. Qxb3 Rxa3 31. Qxa3 Bxd4 32. Rf1 Be3 33. Qd3 Nxd3 34. Bxd3 Qxd2+ 0-1


[Site "https://www.chess.com"]

[Event "Titled Tuesday Blitz June 13 Late 2023"]
[White "Torres Dominguez, David"]
[Black "Martins, Vinicius Tine"]
[WhiteFideId "2220857"]
[BlackFideId "2112884"]
[WhiteElo "1999"]
[BlackElo "2373"]
[Result "1/2-1/2"]
[Round "3"]
[TimeControl "180+2"]
[Date "2023.06.13"]
[WhiteClock "0:00:04"]
[BlackClock "0:00:09"]
[Board "139"]

1. e4 c5 2. Nc3 e6 3. f4 d5 4. Bb5+ Bd7 5. Bxd7+ Qxd7 6. Nf3 Nc6 7. d3 d4 8. Ne2 h5 9. O-O h4 10. h3 Be7 11. Ne5 Nxe5 12. fxe5 Bd8 13. Qe1 Ne7 14. Bf4 Ng6 15. Bh2 Bc7 16. c4 Bxe5 17. Qd2 Bxh2+ 18. Kxh2 Qd6+ 19. Kh1 f6 20. a3 a5 21. b4 axb4 22. axb4 Kf7 23. bxc5 Qxc5 24. Rab1 Ra7 25. Rb5 Qd6 26. e5 Nxe5 27. Qf4 Ke7 28. Nxd4 Rd8 29. Rd5 Qc7 30. Nb5 Qb8 31. Rxd8 Kxd8 32. Nxa7 Qxa7 33. Qxh4 Qe3 34. Qf2 Qxd3 35. c5 Kc7 36. Rc1 Nc6 37. Qb2 e5 38. Qb6+ Kc8 39. Rb1 Nd8 40. c6 bxc6 41. Qb8+ Kd7 42. Qa7+ Ke8 43. Rb8 e4 44. Qb6 e3 45. Qxc6+ Ke7 46. Qc5+ Ke8 47. Qc6+ Ke7 48. Qc5+ Ke8 49. Qc6+ 1/2-1/2


[Site "https://www.chess.com"]

[Event "Titled Tuesday Blitz June 13 Late 2023"]
[White "Prieto Aranguren, Alain"]
[Black "Petersson, Kjell"]
[WhiteFideId "2268906"]
[BlackFideId "1705148"]
[WhiteElo "2209"]
[BlackElo "2005"]
[Result "0-1"]
[Round "3"]
[TimeControl "180+2"]
[Date "2023.06.13"]
[WhiteClock "0:00:04"]
[BlackClock "0:00:09"]
[Board "140"]

1. e4 c5 2. Bc4 Nc6 3. d3 g6 4. Qf3 e6 5. Nc3 Bg7 6. Qg3 Nge7 7. Nb5 Be5 8. f4 Bg7 9. Nd6+ Kf8 10. Nf3 Qc7 11. e5 h6 12. h4 Nf5 13. Nxf5 gxf5 14. h5 d6 15. Bd2 a6 16. a4 Bd7 17. Bc3 d5 18. Ba2 Rg8 19. Qh4 Qd8 20. O-O Qxh4 21. Nxh4 Ke7 22. g3 Bf8 23. Kh2 Kd8 24. Rfb1 a5 25. Be1 Be7 26. Nf3 Nd4 27. Nxd4 cxd4 28. c3 Bc5 29. Bf2 Bxa4 30. Bxd5 Bc2 31. Rc1 Bxd3 32. cxd4 Bb4 33. Bxb7 Rb8 34. Bf3 Kd7 35. Bc6+ Ke7 36. d5 exd5 37. Bxd5 Rgd8 38. Bg1 Rxd5 39. Rc7+ Rd7 40. Rc6 Rh8 41. Rd1 Be4 42. Rdc1 Bxc6 43. Rxc6 Rd2+ 44. Kh3 Rhd8 45. Rxh6 Rg8 46. Ra6 Rd3 47. Bf2 Rf3 48. Kg2 Rxf4 49. h6 Rfg4 50. Kf3 Rh8 51. Be3 Rg6 52. Ra7+ Ke6 53. Bf4 Be1 54. Ra6+ Kd5 55. Ra7 Rh7 56. Rd7+ Kc4 57. e6 Rxe6 58. Rc7+ Kb3 59. Rb7+ Ka2 60. Kg2 a4 61. Kh3 Bf2 62. Kh4 Bd4 63. Kg5 Rexh6 64. Kxf5 Rh5+ 65. Ke4 Bxb2 66. Rb4 a3 67. Kd3 Rd5+ 68. Kc2 Rc5+ 69. Kd3 f6 70. Rb6 Rd7+ 71. Ke4 Rc4+ 72. Kf3 Kb1 73. Be3 a2 74. g4 a1=Q 75. Re6 Qa8+ 76. Ke2 Rc2+ 77. Ke1 Qh1+ 78. Bg1 Qxg1# 0-1


[Site "https://www.chess.com"]